 Dungeon Crawl Stone Soup version 0.30.1-11-g7821555f0a (webtiles) character file.

Game seed: 13666686916943839171

1940 porpoise the Skirmisher (level 8, -8/73 HPs)
             Began as a Minotaur Hunter on Jan 4, 2024.
             Was a Priest of Fedhas.
             Mangled by a wyvern (16 damage)
             ... on level 7 of the Dungeon.
             The game lasted 00:15:06 (5628 turns).

porpoise the Skirmisher (Minotaur Hunter)           Turns: 5628, Time: 00:15:07

Health: -8/73      AC:  8    Str: 17    XL:     8   Next: 98%
Magic:  10/10      EV: 11    Int:  6    God:    Fedhas [***...]
Gold:   194        SH:  0    Dex: 15    Spells: 7/7 levels left

rFire   . . .        a - +0 shortbow
rCold   . . .        (shield currently unavailable)
rNeg    . . .        j - +0 ring mail
rPois   .            (helmet restricted)
rElec   .            h - +0 cloak
rCorr   .            p - +1 pair of gloves
SInv    .            (no boots)
Will    .....        (no amulet)
Stlth   +            (no ring)
HPRegen 0.32/turn    (no ring)
MPRegen 0.12/turn

%: no passive effects
@: studying Ranged Weapons
A: horns 2, retaliatory headbutt
a: Renounce Religion, Wall of Briars, Grow Ballistomycete


You were on level 7 of the Dungeon.
You worshipped Fedhas.
Fedhas was most pleased with you.
You visited 1 branch of the dungeon, and saw 7 of its levels.

You collected 284 gold pieces.
You spent 90 gold pieces at shops.

Inventory:

Hand Weapons
 a - a +0 shortbow (weapon)
 b - a +2 heavy hand axe
 s - the +2 dagger "Ogrebane" {freeze, Drain rPois rN+ MP+9}
   (You found it on level 3 of the Dungeon)

   rPois:     It protects you from poison.
   rN:        It protects you from negative energy.
   MP:        It affects your magic capacity (+9).
   Drain:     It drains your maximum health when unequipped.
 B - a +0 battleaxe
 E - the +7 triple crossbow "Hediamud" {drain, Str+2 Stlth+}
   (You acquired it on level 6 of the Dungeon)

   Str:       It affects your strength (+2).
   Stlth:     It makes you more stealthy.
Missiles
 e - 19 poisoned darts
 f - 10 boomerangs
 g - 4 javelins
Armour
 h - a +0 cloak (worn)
 j - a +0 ring mail (worn)
 p - a +1 pair of gloves (worn)
Wands
 m - a wand of paralysis (3)
Scrolls
 c - a scroll of teleportation {unknown}
 d - 2 scrolls of noise
 i - a scroll of magic mapping
 n - a scroll of enchant armour
 o - 3 scrolls of amnesia
 r - a scroll of fear {unknown}
 u - a scroll of poison
 w - a scroll of butterflies {unknown}
 x - a scroll of blinking {unknown}
 y - a scroll of immolation
Potions
 k - 3 potions of curing
 l - 2 potions of brilliance
 q - a potion of cancellation
 v - 2 potions of mutation
 z - a potion of lignification {unknown}
 A - a potion of might {unknown}
 C - a potion of flight {unknown}
 D - 4 potions of haste {unknown}


   Skills:
 + Level 7.5 Fighting
 * Level 10.9 Ranged Weapons
 - Level 2.1 Dodging
 - Level 0.7 Stealth
 + Level 5.2 Invocations


You had 7 spell levels left.
You didn't know any spells.
Your spell library contained the following spells:

 Spells                   Type           Power      Damage    Failure   Level
 Apportation              Tloc           0%         N/A       67%         1
 Sting                    Tmut/Pois      0%         1d3       67%         1
 Ensorcelled Hibernation  Hex/Ice        0%         N/A       80%         2
 Passwall                 Tmut/Erth      0%         N/A       80%         2
 Poisonous Vapours        Pois/Air       0%         N/A       80%         2
 Dazzling Flash           Conj/Hex       0%         N/A       95%         3
 Mephitic Cloud           Conj/Pois/Air  0%         N/A       95%         3
 Portal Projectile        Hex/Tloc       0%         N/A       95%         3
 Swiftness                Air            0%         N/A       95%         3
 Tukima's Dance           Hex            0%         N/A       95%         3
 Vhi's Electric Charge    Tloc/Air       0%         N/A       95%         3
 Volatile Blastmotes      Fire/Tloc      0%         2d10      95%         3
 Fulminant Prism          Conj/Hex       0%         3d5       100%        4
 Iskenderun's Mystic Bla  Conj/Tloc      0%         2d3       100%        4
 Olgreb's Toxic Radiance  Pois           0%         N/A       100%        4
 Summon Lightning Spire   Summ/Air       0%         N/A       100%        4
 Alistair's Intoxication  Tmut/Pois      0%         N/A       100%        5
 Arcjolt                  Conj/Air       0%         1d10      100%        5
 Blade Hands              Tmut           0%         N/A       100%        5
 Freezing Cloud           Conj/Ice/Air   0%         6-21      100%        5
 Lee's Rapid Deconstruct  Erth           0%         3d4*      100%        5
 Plasma Beam              Fire/Air       0%         2x1d11    100%        6
 Simulacrum               Ice/Necr       0%         N/A       100%        6
 Starburst                Conj/Fire      0%         6d3       100%        6
 Ozocubu's Refrigeration  Ice            0%         4d7       100%        7
 Storm Form               Tmut/Air       0%         N/A       100%        7
 Maxwell's Capacitive Co  Air            0%         ∞         100%        8
 Polar Vortex             Ice            0%         N/A       100%        9


Dungeon Overview and Level Annotations

Branches:
Dungeon (7/15)             Temple (0/1) D:7

Altars:
Fedhas
Gozag
Hepliaklqana
Kikubaaqudgha
Uskayaw
Zin
The Shining One

Shops:
D:3 *

Annotations:
D:5 2 transporters, caec's ghost, novice DrTm


Innate Abilities, Weirdness & Mutations

You have a pair of horns on your head.
You reflexively headbutt those who attack you in melee.


Message History

The arrow closely misses the killer bee.
The killer bee stings you.
* * * LOW HITPOINT WARNING * * *
The wyvern bites you.
* * * LOW HITPOINT WARNING * * *
The killer bee stings you.
* * * LOW HITPOINT WARNING * * *
You are poisoned.
The killer bee poisons you!
You feel better. The wyvern closely misses you. You furiously retaliate!
You headbutt the wyvern.
The killer bee stings you but does no damage.
The wyvern misses you. The killer bee barely misses you.
You furiously retaliate!
You headbutt the killer bee.
You feel much better. The killer bee closely misses you. The wyvern bites you.
The killer bee stings you.
You shoot an arrow. The arrow barely misses the killer bee.
The wyvern bites you but does no damage.
The killer bee misses you. The wyvern barely misses you.
You furiously retaliate!
You headbutt the wyvern, but do no damage.
The killer bee stings you.
You shoot an arrow. The arrow misses the killer bee.
The killer bee stings you. The wyvern bites you!
* * * LOW HITPOINT WARNING * * *
The killer bee stings you.
* * * LOW HITPOINT WARNING * * *
The wyvern bites you!
* * * LOW HITPOINT WARNING * * *
You feel better. The killer bee stings you.
* * * LOW HITPOINT WARNING * * *
The wyvern bites you but does no damage.
The killer bee barely misses you. You furiously retaliate!
You headbutt the killer bee.
You kill the killer bee!
Fedhas appreciates your contribution to the ecosystem.
You shoot an arrow. The arrow closely misses the wyvern.
The wyvern barely misses you. The wyvern bites you!
You die...
Fedhas appreciates your contribution to the ecosystem.

#.# #.# # ###.### ##...
...#.. ##... ###..#.#
#...#.(.#..#.#######
##....##.#..#.##.....
#.....##.#......l######.
..#....#.#.#....@†:.....
..#....#......########..
#..........).).#
..#....####..#...#
#......# #........
.......# #.#.....#.
.##....# #.##.##.#
.##....# # .. ########
##


You could see a wyvern.

Vanquished Creatures
  An ice beast (D:6)
  A sky beast (D:7)
  3 ogres (D:5)
  A centaur (D:6)
  3 phantoms
  A bullfrog (D:7)
  4 necrophages (D:4)
  2 wights (D:4)
  3 killer bees (D:7)
  A jelly (D:4)
  2 hounds
  A human zombie (D:4)
  4 orc priests
  2 iguanas (D:5)
  3 orc wizards
  A scorpion zombie (D:4)
  A hound zombie (D:4)
  A mummy (D:4)
  A howler monkey zombie (D:4)
  A gnoll (D:1)
  9 adders
  An ufetubus (D:4)
  An adder zombie (D:4)
  3 worms
  3 dart slugs
  17 orcs
  5 bats
  8 endoplasms
  7 giant cockroaches
  11 goblins
  7 hobgoblins
  3 jackals
  2 quokkas
  8 ball pythons
  2 frilled lizards (D:1)
  10 kobolds
  10 rats
144 creatures vanquished.

Vanquished Creatures (others)
  A sleepcap (D:5)
1 creature vanquished.

Grand Total: 145 creatures vanquished

Notes
Turn   | Place    | Note
-------+----------+-------------------------------------------
     0 | D:1      | porpoise the Minotaur Hunter began the quest for the Orb.
     0 | D:1      | Reached XP level 1. HP: 18/18 MP: 0/0
   182 | D:1      | Reached XP level 2. HP: 25/25 MP: 1/1
   206 | D:1      | Reached skill level 5 in Ranged Weapons
   428 | D:1      | Reached XP level 3. HP: 31/31 MP: 2/2
   815 | D:2      | Found a faded altar of an unknown god.
  1215 | D:2      | Reached XP level 4. HP: 38/38 MP: 3/3
  1349 | D:2      | Found a blossoming altar of Fedhas.
  1632 | D:2      | Became a worshipper of Fedhas Madash
  1959 | D:3      | Found a glowing silver altar of Zin.
  2002 | D:3      | Reached skill level 6 in Ranged Weapons
  2014 | D:3      | Reached skill level 1 in Invocations
  2015 | D:3      | Reached * piety under Fedhas
  2016 | D:3      | Reached XP level 5. HP: 36/46 MP: 4/4
  2109 | D:3      | Identified the +2 dagger "Ogrebane" {freeze, Drain rPois
                  | rN+ MP+9}
  2136 | D:3      | Found Catuokoz's Assorted Antiques.
  2144 | D:3      | Bought a ruby potion for 21 gold pieces
  2144 | D:3      | Bought a scroll labelled NAROTE LIOT for 24 gold pieces
  2144 | D:3      | Bought a puce potion for 21 gold pieces
  2144 | D:3      | Bought a scroll labelled ANWYM YRYFIM for 24 gold pieces
  2637 | D:4      | Reached XP level 6. HP: 50/53 MP: 6/6
  2768 | D:4      | Found an opulent altar of Gozag.
  2921 | D:4      | Reached skill level 7 in Ranged Weapons
  2981 | D:4      | Reached skill level 5 in Fighting
  3009 | D:4      | Found an ancient bone altar of Kikubaaqudgha.
  3023 | D:4      | Reached XP level 7. HP: 54/61 MP: 8/8
  3052 | D:4      | Reached ** piety under Fedhas
  3077 | D:4      | Reached skill level 8 in Ranged Weapons
  3199 | D:4      | Found a hazy altar of Hepliaklqana.
  3714 | D:5      | Entered Level 5 of the Dungeon
  4028 | D:5      | Reached XP level 8. HP: 70/70 MP: 9/9
  4179 | D:5      | Found a hide-covered altar of Uskayaw.
  4238 | D:5      | Reached skill level 9 in Ranged Weapons
  4345 | D:5      | Found a transporter.
  4349 | D:5      | Noticed caec's ghost (novice DrTm)
  4356 | D:5      | Found a transporter.
  4486 | D:5      | Reached *** piety under Fedhas
  4966 | D:6      | Identified 2 scrolls of acquirement
  4966 | D:6      | Acquired the +7 triple crossbow "Hediamud" {drain, Str+2
                  | Stlth+}
  4974 | D:6      | Acquired a manual of Ranged Weapons
  5304 | D:6      | Reached skill level 10 in Ranged Weapons
  5321 | D:6      | Found a glowing golden altar of the Shining One.
  5450 | D:7      | Found a staircase to the Ecumenical Temple.
  5469 | D:7      | Reached skill level 5 in Invocations
  5626 | D:7      | HP: 1/73 [wyvern (11)]
  5628 | D:7      | Mangled by a wyvern

Illustrated notes

Levels and vault maps discovered:
D:1:      saegor_arrival_simple_a, layout_rooms, minmay_pentomino_q2
D:2:      layout_basic, shapermc_ecumenical_altar_mp_ritualfount, basic_altar,
          serial_co_window_serial, co_window_corner_a,
          co_window_of_opportunity_a, co_window_corner_a, co_window_corner_a,
          co_window_cross_1, co_window_corner_b, co_window_cross_3,
          co_window_paths_c, co_window_sun, co_window_4corner_b,
          glass_columns_b, glass_columns_c, glass_columns_a, glass_columns_a,
          glass_columns_a
D:3:      layout_basic, mainiacjoe_overflow_surrounded_room, serial_shops,
          nicolae_shop_waterfront, chequers_big_river, minivault_14
D:4:      layout_loops_ring, nicolae_hepliaklqana_hazy_memory,
          overflow_temple_1_default, lemuel_mausoleum_altar_kikubaaqudgha,
          minmay_circle_x
D:5:      layout_basic, nicolae_uskayaw_murder_on_the_dancefloor,
          gammafunk_ghost_mausoleum
D:6:      layout_gridville, tso_oasis_becter, sigmund_army
D:7:      layout_basic, chequers_temple_overflow_statue_of_worship,
          lemuel_round_altar, minmay_temple_entry_slanted, uniq_joseph

Skill      XL: |  1  2  3  4  5  6  7  8 |
---------------+-------------------------+-----
Fighting       | 3 4 5 6 7 |  7.5
Ranged Weapons | 5 6 7 8 10 | 10.9
Invocations    | 1 2 3 5 |  5.2
Dodging        | |  2.1
Stealth        | |  0.7

Action                     |  1- 3 |  4- 6 |  7- 9 || total
---------------------------+-------+-------+-------++-------
  Melee: Battleaxe         |       |       |    15 ||    15
         Headbutt          |       |       |     4 ||     4
   Fire: Shortbow          |   118 |   192 |   140 ||   450
         Triple crossbow   |       |       |    23 ||    23
    Use: Scroll            |     1 |     6 |     5 ||    12
         Potion            |       |       |     4 ||     4
 Armour: Leather armour    |     3 |       |       ||     3
         Ring mail         |     7 |    28 |    41 ||    76
  Dodge: Dodged            |    32 |    50 |    74 ||   156
